 Dungeon Crawl Stone Soup version 0.27.1-33-g824d729ab1 (webtiles) character file.

Game seed: 10838023744774001315

21 Destapler the Skirmisher (level 2, 24/24 HPs)
             Began as a Demonspawn Monk on Dec 8, 2021.
             Was a Follower of Uskayaw.
             Got out of the dungeon alive.
             The game lasted 00:01:41 (953 turns).

Destapler the Skirmisher (Demonspawn Monk)           Turns: 953, Time: 00:01:41

Health: 24/24      AC:  2    Str: 11    XL:     2   Next: 65%
Magic:  2/2        EV: 13    Int: 11    God:    Uskayaw [*.....]
Gold:   24         SH:  0    Dex: 15    Spells: 1/1 levels left

rFire    . . .     SeeInvis .   a - +0 spear
rCold    . . .     Faith    .   (no shield)
rNeg     . . .     Spirit   .   b - +0 robe
rPois    .         Reflect  .   (helmet restricted)
rElec    .         Harm     .   (no cloak)
rCorr    .         Rampage  .   (no gloves)
Will     .....                  (no boots)
Stlth    ++........             (no amulet)
HPRegen  0.08/turn              (no ring)
MPRegen  0.08/turn              (no ring)

@: no status effects
A: horns 1
a: Renounce Religion, Stomp


You escaped.
You worshipped Uskayaw.
Uskayaw was noncommittal.
You visited 1 branch of the dungeon, and saw 1 of its levels.

You collected 24 gold pieces.

Inventory:

Hand Weapons
 a - a +0 spear (weapon)
 c - a +1 dagger of draining
Armour
 b - a +0 robe (worn)
Jewellery
 e - a ring of magical power
Scrolls
 d - a scroll of amnesia {unknown}
Potions
 f - a potion of degeneration {unknown}
 g - 2 potions of ambrosia {unknown}


   Skills:
 + Level 3.3 Fighting
 + Level 3.0 Polearms
 - Level 3.0 Dodging
 - Level 2.0 Stealth


You had one spell level left.
You didn't know any spells.
Your spell library was empty.

Dungeon Overview and Level Annotations

Branches:
Dungeon (1/15)

Altars:
Uskayaw


Innate Abilities, Weirdness & Mutations

You have a pair of small horns on your head.


Message History

You hit the ball python.
You kill the ball python!
No target in view!
No target in view!
A dart slug comes into view.
A dart slug is nearby!
The dart slug launches a dart at you. The slug dart hits you.
You reach to attack!
You completely miss the dart slug. You hit the dart slug.
The dart slug is moderately wounded.
You hit the dart slug.
The dart slug is heavily wounded.
The dart slug closely misses you.
You hit the dart slug but do no damage.
The dart slug is heavily wounded.
The dart slug misses you.
You hit the dart slug.
You kill the dart slug!
No target in view!
No target in view!
Found a mace.
Found 2 fizzy white potions.
Found a faded altar of an unknown god.
g - 2 fizzy white potions
There is a faded altar of an unknown god here.
You cannot tell which god this altar belongs to.
Convert to them anyway?
Uskayaw accepts your prayer! Uskayaw welcomes you!
You can now stomp with the beat.
You can now pass through a line of other dancers.
You can no longer pass through a line of other dancers.
Found a hand axe.
(D) Dungeon
Where to? (? - help)
Okay, then.
You see here a +0 mace.
There is a stone staircase leading down here.
There is a staircase leading out of the dungeon here.
Are you sure you want to leave the Dungeon?
This will make you lose the game!
You have escaped!

♣♣♣♣♣♣♣♣♣♣♣♣♣♣♣♣♣♣ ##...#
...♣♣...♣♣.♣..♣..♣ #....#
.♣....♣♣.♣..♣♣..♣♣ ##....#
♣....♣...♣.♣.♣♣..♣ #.....#
.♣....♣♣.♣♣♣....♣♣ #....)#
.♣...♣..♣...♣.♣♣♣♣ #_....#
♣..♣...♣.♣♣♣♣♣♣..♣ #.....#
..♣...♣.♣♣.♣...♣.♣ #....##
......♣♣.♣♣..♣♣♣@♣ ##...#
♣...♣..♣.♣.♣♣♣..♣♣ #...##
♣..♣.♣.♣♣.♣♣♣.♣.♣♣#..##...#
.....♣..♣.♣...♣♣.♣#..##...##
.♣♣..♣..♣♣.♣♣♣♣..♣#..##....#
.♣..♣..♣.♣..♣..♣♣♣#..#.....#
♣.♣...♣♣.♣♣..♣♣..♣#..#.....#
♣...♣..♣♣...♣..♣.♣#..#.....#
♣♣♣♣♣♣♣♣♣♣♣♣♣♣♣♣♣♣#.##.....#


There were no monsters in sight!

Vanquished Creatures
  A dart slug (D:1)
  2 endoplasms (D:1)
  A giant cockroach (D:1)
  2 goblins (D:1)
  2 hobgoblins (D:1)
  3 kobolds (D:1)
  A quokka (D:1)
  2 ball pythons (D:1)
  2 bats (D:1)
  A frilled lizard (D:1)
  A rat (D:1)
18 creatures vanquished.

Notes
Turn   | Place    | Note
-------+----------+-------------------------------------------
     0 | D:1      | Destapler the Demonspawn Monk began the quest for the Orb.
     0 | D:1      | Reached XP level 1. HP: 18/18 MP: 1/1
   215 | D:1      | Gained mutation: You have a pair of small horns on your
                  | head. [demonic ancestry]
   215 | D:1      | Reached XP level 2. HP: 23/24 MP: 2/2
   746 | D:1      | Found a faded altar of an unknown god.
   757 | D:1      | Became a worshipper of Uskayaw the Reveller
   757 | D:1      | Reached * piety under Uskayaw
   757 | D:1      | Reached ** piety under Uskayaw
   953 | D:$      | Got out of the dungeon alive.

Illustrated notes

Levels and vault maps discovered:
D:1:      erik_arrival_cave_to_civilisation [erik_arrival_cave_to_hall],
          layout_basic, hellmonk_ecumenical_altar_zigzags,
          chequers_serial_rivers_micro_b, kennysheep_small_spiral

Skill      XL: |  1  2 |
---------------+-------+-----
Stealth        | 2 |  2.0
Polearms       | 3 |  3.0
Dodging        | 3 |  3.0
Fighting       | |  3.3

Action                   || total
-------------------------++-------
Melee: Spear             ||    58
       Headbutt          ||     4
 Stab: Sleeping          ||     3
Armor: Robe              ||     6
Dodge: Dodged            ||    16
